 Dungeon Crawl Stone Soup version 0.17.2-1-ge4368a0 (webtiles) character file.

731 glosham the Chopper (level 7, -7/35 HPs)
             Began as a Vine Stalker Abyssal Knight on Nov 6, 2017.
             Was a Believer of Lugonu.
             Killed from afar by a deep elf mage (13 damage)
             ... with an orb of energy
             ... in a bailey.
             The game lasted 00:35:50 (1255 turns).

glosham the Chopper (Vine Stalker Abyssal Knight)   Turns: 1255, Time: 00:35:52

Health: -7/35      AC: 13    Str: 17    XL:     7   Next: 73%
Magic:  0/8        EV:  4    Int: 12    God:    Lugonu [**....]
Gold:   162        SH:  4    Dex: 13    Spells: 0 memorised, 6 levels left

rFire  . . .     SeeInvis .     a - +1 broad axe
rCold  . . .     Clarity  .     X - +0 plate armour
rNeg   . . .     SustAt   +     Z - +0 buckler
rPois  .         Gourm    .     U - +0 helmet
rElec  .         Spirit   +     (no cloak)
rCorr  .         Warding  .     (no gloves)
rMut   .         Stasis   .     (no boots)
MR     .....                    (no amulet)
Stlth  ..........               (no ring)
                                A - ring of sustain attributes

@: not resistant to hostile enchantments, extremely unstealthy
A: fangs 2, slimy green scales 1, low mp 1, regeneration 2, magic shield,
antimagic bite, no device heal 3, rot immunity
a: Depart the Abyss, Bend Space, Renounce Religion


You were in a bailey.
You worshipped Lugonu.
Lugonu was pleased with you.
You were hungry.

You visited 1 branch of the dungeon, and saw 9 of its levels.
You visited the Abyss 1 time.
You also visited: Bailey.

You collected 162 gold pieces.

Inventory:

Hand Weapons
 a - a +1 broad axe (weapon)
 j - a +1 halberd of freezing
Missiles
 d - 15 stones (quivered)
Armour
 U - a +0 helmet (worn)
 X - a +0 plate armour (worn)
 Z - a +0 buckler (worn)
Jewellery
 A - a ring of sustain attributes (left hand)
Wands
 h - a wand of frost (1)
Scrolls
 e - a scroll of teleportation
Potions
 c - a potion of heal wounds
 f - 2 potions of curing
 g - a potion of haste {unknown}
Comestibles
 b - 4 bread rations


   Skills:
 - Level 2.6 Fighting
 * Level 7.3 Axes
 - Level 1.5 Armour
 - Level 0.7 Dodging
 - Level 1.0 Shields
 - Level 2.0 Unarmed Combat
 - Level 1.7 Invocations


You had 6 spell levels left.
You didn't know any spells.

Dungeon Overview and Level Annotations

Branches:
Dungeon (9/15)
 Temple: D:4-7         Lair: D:8-11         Orc: D:9-12

Altars:


Innate Abilities, Weirdness & Mutations

You have extremely sharp teeth.
You heal very quickly.
When hurt, damage is shared between your health and your magic reserves.
Your bite disrupts and absorbs the magic of your enemies.
Potions and wands cannot restore your health.
You are immune to rotting.
You are partially covered in slimy green scales (AC +2).
Your magical capacity is low (-10% MP).


Message History

You closely miss the deep elf mage.
The deep elf mage hits you but does no damage.
The deep elf mage barely misses you.
You hit the deep elf mage.
The deep elf mage is lightly wounded.
The deep elf mage casts a spell at you. The lance of force hits you!
You hit the deep elf mage. Your bite misses the deep elf mage.
The deep elf mage is lightly wounded.
The deep elf mage points at you and mumbles some strange words.
The orb of energy hits you!
Your plate armour prevents you from hitting the deep elf mage.
You bite the deep elf mage.
The deep elf mage's magic leaks into the air.
You drain its magic.
You feel invigorated.
The deep elf mage is moderately wounded.
The deep elf mage hits you but does no damage.
You closely miss the deep elf mage. Your bite misses the deep elf mage.
The deep elf mage is moderately wounded.
The deep elf mage gestures wildly while chanting.
The deep elf mage conjures a globe of magical energy!
You miss the deep elf mage. Your bite misses the deep elf mage.
The deep elf mage is moderately wounded.
You slash the battlesphere!
The battlesphere is heavily damaged.
The deep elf mage casts a spell at you. The magic dart hits you!
* * * LOW HITPOINT WARNING * * *
The battlesphere fires!
The barrage of energy hits you!
* * * LOW HITPOINT WARNING * * *
The deep elf mage hits you but does no damage.
Drink which item? (? for menu, Esc to quit)
Okay, then.
You closely miss the deep elf mage. You bite the deep elf mage.
The deep elf mage's magic leaks into the air.
You drain its magic.
You feel invigorated.
The deep elf mage is heavily wounded.
The deep elf mage points at you and mumbles some strange words.
The orb of energy hits you!
You die...

#####+
##....#
#.....#
#..∩*.#
#.....#
###...#
#.@##'####
#..e.##...##
#....#.....#
##..##..∩..#
######...##
#####


You could see a deep elf mage.

Vanquished Creatures
  A water moccasin (D:5)
  A slave (D:6)
  A sky beast (D:9)
  2 giant frogs
  Blork the orc (D:5)
  2 scorpions
  A crimson imp (D:5)
  3 orc wizards
  An orc priest (D:4)
  A centaur skeleton (D:4)
  3 adders (D:2)
  A shadow imp (D:5)
  2 worms
  5 orcs
  A ball python (D:1)
  5 bats
  3 giant cockroaches
  6 goblins
  2 hobgoblins
  A giant cockroach zombie (D:5)
  A giant newt (D:1)
  A kobold (D:1)
  A rat (D:1)
46 creatures vanquished.

Vanquished Creatures (others)
  A lurking horror (Abyss:3)
1 creature vanquished.

Grand Total: 47 creatures vanquished

Notes
Turn   | Place    | Note
--------------------------------------------------------------
     0 | Abyss:1  | glosham the Vine Stalker Abyssal Knight began the quest for the Orb.
     0 | Abyss:1  | Reached XP level 1. HP: 11/11 MP: 3/3
    62 | Abyss:2  | Noticed a fire bat
    96 | Abyss:3  | Noticed a hellephant
    96 | Abyss:3  | Noticed a dire elephant
    97 | Abyss:3  | Noticed an elephant
    98 | Abyss:3  | Noticed an elephant
    99 | Abyss:3  | Noticed a large abomination
   100 | Abyss:3  | Noticed an elephant
   108 | Abyss:3  | Noticed an ancient zyme
   109 | D:1      | Escaped the Abyss
   186 | D:1      | Reached * piety under Lugonu
   186 | D:1      | Reached skill level 1 in Axes
   225 | D:1      | Reached XP level 2. HP: 8/16 MP: 4/4
   364 | D:2      | Reached skill level 2 in Axes
   388 | D:2      | Reached XP level 3. HP: 19/19 MP: 5/5
   600 | D:3      | Reached skill level 3 in Axes
   656 | D:4      | Noticed a scorpion
   668 | D:4      | Killed a scorpion
   668 | D:4      | Reached XP level 4. HP: 7/23 MP: 2/6
   672 | D:4      | HP: 2/23 [poisoned by a scorpion]
   765 | D:4      | Reached skill level 4 in Axes
   765 | D:4      | Reached XP level 5. HP: 21/27 MP: 5/7
   858 | D:4      | Reached skill level 1 in Shields
   873 | D:5      | Entered Level 5 of the Dungeon
   887 | D:5      | Reached ** piety under Lugonu
   890 | D:5      | Noticed a water moccasin
   896 | D:5      | Killed a water moccasin
   896 | D:5      | Reached skill level 5 in Axes
   896 | D:5      | Gained mutation: You heal very quickly. [Vine Stalker growth]
   896 | D:5      | Reached XP level 6. HP: 32/32 MP: 8/8
   938 | D:5      | Noticed Blork the orc
   948 | D:5      | Killed Blork the orc
   948 | D:5      | Reached skill level 6 in Axes
  1058 | D:5      | Reached XP level 7. HP: 24/35 MP: 9/9
  1203 | D:9      | Reached skill level 7 in Axes
  1216 | D:9      | Found a flagged portal.
  1232 | Bailey   | Entered a bailey
  1233 | Bailey   | Gained mutation: Your magical capacity is low (-10% MP). [mutagenic meat]
  1234 | Bailey   | Gained mutation: You are partially covered in slimy green scales (AC +2). [mutagenic meat]
  1247 | Bailey   | Noticed a deep elf mage
  1255 | Bailey   | Killed from afar by a deep elf mage

Action                   |  1- 3 |  4- 6 |  7- 9 || total
-------------------------+-------+-------+-------++-------
Melee: Broad axe         |    98 |    84 |    41 ||   223
Invok: Depart the Abyss  |     1 |       |       ||     1
Evoke: Wand              |     9 |     3 |       ||    12
  Use: Scroll            |     8 |     1 |     1 ||    10
       Potion            |     1 |     1 |       ||     2
  Eat: Beef jerky        |     1 |       |       ||     1
       Chunk             |       |       |     2 ||     2

Table legend:
 A = Turns spent in this place as a percentage of turns spent in the entire game.
 B = Non-inter-level travel turns spent in this place as a percentage of non-inter-level travel turns spent in the entire game.
 C = Inter-level travel turns spent in this place as a percentage of turns spent in this place.
 D = Turns resting spent in this place as a percentage of non-inter-level travel turns spent in this place.
 E = Turns spent auto-exploring this place as a percentage of non-inter-level travel turns spent in this place.
 F = Non-inter-level travel turns spent in this place divided by the number of levels of this place that you've seen.
                   A       B       C       D       E      F
               +-------+-------+-------+-------+-------+----------------------
         Total | 100.0 | 100.0 |   0.1 |   0.2 |   0.0 |  92.1
       Dungeon |  88.6 |  88.6 |   0.1 |   0.0 |   0.0 | 117.8
         Abyss |   9.9 |   9.9 |   0.0 |   0.0 |   0.0 |  39.7
        Bailey |   1.5 |   1.5 |   0.0 |  11.1 |   0.0 |  18.0
               +-------+-------+-------+-------+-------+----------------------

Table legend:
 A = Kills in this place as a percentage of kills in entire the game.
 B = Kills by you in this place as a percentage of kills by you in the entire game.
 C = Kills by friends in this place as a percentage of kills by friends in the entire game.
 D = Other kills in this place as a percentage of other kills in the entire game.
 E = Experience gained in this place as a percentage of experience gained in the entire game.
 F = Experience gained in this place divided by the number of levels of this place that you have seen.
                   A       B       C       D       E      F
               +-------+-------+-------+-------+-------+----------------------
         Total | 100.0 | 100.0 |  -nan |  -nan | 100.0 |  80.4
       Dungeon | 100.0 | 100.0 |  -nan |  -nan | 100.0 | 116.1
               +-------+-------+-------+-------+-------+----------------------

Vault maps used:
D:1:      dpeg_arrival_round_b, grunt_decor_arrowhead
D:3:      led_sif_book, uniq_crazy_yiuf_cottage, uniq_jessica
D:4:      first_bread
D:5:      portal_sewer_entry_a, uniq_blork_the_orc, uniq_edmund,
          uniq_prince_ribbit1
D:6:      uniq_menkaure, uniq_pikel
D:7:      minmay_temple_entry_overgrown, st_stairs_4, minmay_fountain_box
D:8:      minmay_overflow_temple_star_quad, basic_altar, evilmike_ruin_ashenzari
D:9:      elyvilon_altar_5, erik_lair_dragon, enter_bailey_2
Abyss:1:  guppyfry_abyss_exit_glass_guarded
Abyss:3:  evilmike_abyss_exit_7, evilmike_abyss_rune_elephants
Bailey:   bailey_polearm_3, bailey
